 Dungeon Crawl Stone Soup version 0.29.1-12-g30fa7ad0bf (webtiles) character file.

Game seed: 17037167126851062629

15218 nachturnus the Carver (level 12, -8/81 HPs)
             Began as a Human Monk on Jan 14, 2023.
             Was a Priest of Makhleb.
             Mangled by a boulder beetle (19 damage)
             ... on level 10 of the Dungeon.
             The game lasted 00:48:37 (14854 turns).

nachturnus the Carver (Human Monk)                 Turns: 14854, Time: 00:48:38

Health: -8/81      AC: 24    Str: 19    XL:     12   Next: 54%
Magic:  12/12      EV:  9    Int: 14    God:    Makhleb [***...]
Gold:   725        SH: 19    Dex: 19    Spells: 11/11 levels left

rFire   . . .      SeeInvis .   e - +5 long sword
rCold   . . .      Faith    .   w - +1 tower shield
rNeg    . . .      Spirit   .   a - +0 plate armour
rPois   .          Reflect  .   j - +2 helmet {Int+3}
rElec   .          Harm     .   n - +0 cloak
rCorr   .          Rampage  .   l - +1 pair of gloves
Will    .....                   x - +2 pair of boots
Stlth   ..........              (no amulet)
HPRegen 0.23/turn               m - +4 ring of evasion
MPRegen 0.13/turn               s - +6 ring of strength

@: no status effects
A: no striking features
a: Renounce Religion, Minor Destruction, Lesser Servant of Makhleb


You were on level 10 of the Dungeon.
You worshipped Makhleb.
Makhleb was most pleased with you.
You visited 3 branches of the dungeon, and saw 12 of its levels.

You collected 725 gold pieces.

Inventory:

Hand Weapons
 e - a +5 long sword (weapon)
Missiles
 d - 4 javelins (quivered)
 o - 2 throwing nets
Armour
 a - a +0 plate armour (worn)
 j - a +2 helmet of intelligence (worn)
 l - a +1 pair of gloves (worn)
 n - a +0 cloak (worn)
 p - +0 steam dragon scales
 w - a +1 tower shield (worn)
 x - a +2 pair of boots (worn)
Jewellery
 m - a +4 ring of evasion (left hand)
 q - a ring of flight
 r - a +4 ring of evasion
 s - a +6 ring of strength (right hand)
Wands
 h - a wand of flame (6)
 t - a wand of polymorph (12)
 u - a wand of mindburst (14)
 v - a wand of iceblast (15)
 y - a wand of paralysis (7)
Scrolls
 i - 9 scrolls of teleportation
 k - 2 scrolls of fog
 C - 2 scrolls of silence
 D - a scroll of magic mapping
 E - 2 scrolls of blinking
 F - a scroll of amnesia
Potions
 b - 2 potions of attraction
 c - 3 potions of ambrosia
 f - a potion of flight
 g - a potion of magic
 z - a potion of curing {unknown}
 A - a potion of might {unknown}
 B - a potion of resistance


   Skills:
 - Level 3.0 Fighting
 - Level 14.0 Long Blades
 + Level 8.6 Armour
 - Level 3.0 Dodging
 - Level 2.0 Stealth
 - Level 11.1 Shields


You had 11 spell levels left.
You didn't know any spells.
Your spell library contained the following spells:

 Spells                   Type           Power      Damage    Failure   Level
 Magic Dart               Conj           0%         1d3       100%        1
 Sting                    Tmut/Pois      0%         1d3       100%        1
 Summon Small Mammal      Summ           0%         N/A       100%        1
 Call Imp                 Summ           0%         N/A       100%        2
 Ensorcelled Hibernation  Hex/Ice        0%         N/A       100%        2
 Passwall                 Tmut/Erth      0%         N/A       100%        2
 Poisonous Vapours        Pois/Air       0%         N/A       100%        2
 Static Discharge         Conj/Air       0%         3-3/arc   100%        2
 Call Canine Familiar     Summ           0%         N/A       100%        3
 Inner Flame              Hex/Fire       0%         N/A       100%        3
 Mephitic Cloud           Conj/Pois/Air  0%         N/A       100%        3
 Summon Guardian Golem    Hex/Summ       0%         N/A       100%        3
 Swiftness                Air            0%         N/A       100%        3
 Animate Armour           Summ/Erth      0%         N/A       100%        4
 Animate Dead             Necr           0%         N/A       100%        4
 Cause Fear               Hex            0%         N/A       100%        4
 Olgreb's Toxic Radiance  Pois           0%         N/A       100%        4
 Alistair's Intoxication  Tmut/Pois      0%         N/A       100%        5
 Blade Hands              Tmut           0%         N/A       100%        5
 Borgnjor's Vile Clutch   Necr/Erth      0%         N/A       100%        5
 Lightning Bolt           Conj/Air       0%         1d11      100%        5
 Eringya's Noxious Bog    Tmut/Pois      0%         N/A       100%        6
 Iron Shot                Conj/Erth      0%         9d1       100%        6
 Haunt                    Necr/Summ      0%         N/A       100%        7
 Discord                  Hex            0%         N/A       100%        8
 Infestation              Necr           0%         N/A       100%        8
 Maxwell's Capacitive Co  Air            0%         ∞         100%        8


Dungeon Overview and Level Annotations

Branches:
Dungeon (10/15)            Temple (0/1) D:5            Lair (1/5) D:9
    Orc (1/2) D:10

Altars:
Cheibriados
Fedhas
Hepliaklqana
Makhleb
Nemelex Xobeh
Okawaru
Sif Muna
Uskayaw
Wu Jian
Xom

Annotations:
D:4 3 runed translucent doors, sigtrap's ghost, novice KoBr
D:8 Amaemon


Message History

You hit the boulder beetle.
The boulder beetle is severely wounded.
The boulder beetle closely misses you.
The boulder beetle stops rolling and uncurls.
You hit the boulder beetle.
The boulder beetle is almost dead.
The boulder beetle waves its antennae.
You block the boulder beetle's attack.
You hit the boulder beetle but do no damage.
The boulder beetle is almost dead.
You block the boulder beetle's attack.
You hit the boulder beetle but do no damage.
The boulder beetle is almost dead.
The boulder beetle bites you!
* * * LOW HITPOINT WARNING * * *
You barely miss the boulder beetle.
The boulder beetle is almost dead.
You block the boulder beetle's attack.
You hit the boulder beetle but do no damage.
The boulder beetle is almost dead.
The boulder beetle bites you.
* * * LOW HITPOINT WARNING * * *
You hit the boulder beetle but do no damage.
The boulder beetle is severely wounded.
The boulder beetle leaps!
You hit the boulder beetle.
The boulder beetle is almost dead.
The boulder beetle bites you but does no damage.
You hit the boulder beetle but do no damage.
The boulder beetle is almost dead.
The boulder beetle bites you but does no damage.
You hit the boulder beetle but do no damage.
The boulder beetle is almost dead.
The boulder beetle bites you.
* * * LOW HITPOINT WARNING * * *
You barely miss the boulder beetle.
The boulder beetle is almost dead.
The boulder beetle leaps!
The boulder beetle bites you!!
You die...

######......... #.)...........#
#.............. #.............B
### #..# ## ...#..#### ######.
..###.#.....###.#.#.###
..................>....
....###.#...@B..#.#.#^#####
...###.##..###.#.#.#.....
...##...°.........###.##
#.............#........###
#..#.....#############...# #.
#......... ..............#
#8#.##.....#########.......#..#
.......<.....###..##.......#..#
..............#....##.....##..#


You could see a boulder beetle.

Vanquished Creatures
  Gastronok (D:9)
  A boulder beetle (D:10)
  3 two-headed ogres
  A centaur warrior (D:9)
  6 death yaks (D:9)
  A deep elf pyromancer (D:9)
  An orc knight (D:10)
  An ugly thing (D:9)
  A komodo dragon (D:9)
  A troll (D:10)
  A hornet (D:7)
  Prince Ribbit (D:9)
  Sigmund (D:5)
  A wyvern (D:7)
  3 wraiths (D:9)
  Grum (D:9)
  2 steam dragons
  2 yaks (D:9)
  A water moccasin (D:5)
  7 orc warriors
  3 ice beasts
  3 black bears
  2 sky beasts (D:8)
  3 wolves (D:9)
  An ogre (D:7)
  4 centaurs
  A necrophage (D:6)
  4 scorpions
  2 bullfrogs
  A gnoll sergeant (D:9)
  3 wights (D:7)
  14 killer bees
  3 howler monkeys
  A gnoll bouda (D:9)
  3 hounds
  A jelly (D:7)
  8 orc priests
  2 iguanas
  Ijyb (D:5)
  7 orc wizards
  10 gnolls
  8 adders
  2 river rats (D:5)
  3 dart slugs
  36 orcs
  6 endoplasms
  3 giant cockroaches
  6 goblins
  4 hobgoblins
  2 jackals (D:4)
  11 kobolds
  9 quokkas
  5 ball pythons
  4 bats
  7 frilled lizards
  3 rats
223 creatures vanquished.

Vanquished Creatures (others)
  A deep elf pyromancer (D:10)
  An unseen horror (D:10)
  17 plants
19 creatures vanquished.

Grand Total: 242 creatures vanquished

Notes
Turn   | Place    | Note
-------+----------+-------------------------------------------
     0 | D:1      | nachturnus the Human Monk began the quest for the Orb.
     0 | D:1      | Reached XP level 1. HP: 18/18 MP: 1/1
   249 | D:1      | Reached XP level 2. HP: 24/24 MP: 2/2
  1127 | D:2      | Reached XP level 3. HP: 22/29 MP: 3/3
  1223 | D:2      | Reached skill level 4 in Long Blades
  1532 | D:2      | Found a faded altar of an unknown god.
  2312 | D:3      | Found a hide-covered altar of Uskayaw.
  2329 | D:3      | Reached XP level 4. HP: 31/35 MP: 4/4
  2696 | D:3      | Reached skill level 5 in Long Blades
  2818 | D:3      | Identified the +6 quarterstaff of Shame {holy, *Slow Str+4
                  | Dex+6}
  2862 | D:3      | Found an iron altar of Okawaru.
  2878 | D:3      | Reached XP level 5. HP: 41/41 MP: 5/5
  2970 | D:3      | Found a sparkling altar of Nemelex Xobeh.
  3058 | D:3      | Found a shimmering blue altar of Sif Muna.
  3410 | D:4      | Found a runed translucent gate.
  3410 | D:4      | Found a runed translucent gate.
  3414 | D:4      | Noticed sigtrap's ghost (novice KoBr)
  3423 | D:4      | Found a runed translucent gate.
  3447 | D:4      | Found an ornate altar of the Wu Jian Council.
  3447 | D:4      | Found a snail-covered altar of Cheibriados.
  3598 | D:4      | Reached skill level 6 in Long Blades
  3701 | D:4      | Noticed an ogre
  4003 | D:4      | Reached XP level 6. HP: 30/47 MP: 6/6
  4268 | D:5      | Entered Level 5 of the Dungeon
  4624 | D:5      | Noticed a black bear
  4641 | D:5      | Killed a black bear
  4642 | D:5      | Reached skill level 7 in Long Blades
  4642 | D:5      | Reached XP level 7. HP: 39/52 MP: 7/7
  4867 | D:5      | Reached skill level 8 in Long Blades
  4878 | D:5      | Noticed Ijyb
  4955 | D:5      | Killed Ijyb
  5084 | D:5      | Noticed Sigmund
  5126 | D:5      | Killed Sigmund
  5127 | D:5      | Reached XP level 8. HP: 39/58 MP: 8/8
  5309 | D:5      | Reached skill level 9 in Long Blades
  5723 | D:5      | Found a staircase to the Ecumenical Temple.
  6506 | D:6      | Found a burning altar of Makhleb.
  6513 | D:6      | Became a worshipper of Makhleb the Destroyer
  6513 | D:6      | Reached * piety under Makhleb
  6513 | D:6      | Reached ** piety under Makhleb
  6556 | D:6      | Found a blossoming altar of Fedhas.
  7215 | D:7      | Reached skill level 5 in Shields
  7215 | D:7      | Reached XP level 9. HP: 50/63 MP: 9/9
  7848 | D:7      | Noticed a komodo dragon
  8225 | D:7      | Noticed a hornet
  8235 | D:7      | Killed a hornet
  8662 | D:8      | Noticed Amaemon
  8662 | D:8      | Noticed an orange demon
  8666 | D:8      | Identified the +1 robe of Divine Intervention {Fly}
  9022 | D:8      | Reached XP level 10. HP: 70/70 MP: 10/10
  9023 | D:8      | Noticed a two-headed ogre
  9055 | D:8      | Killed a two-headed ogre
  9056 | D:8      | Reached skill level 10 in Shields
 10276 | D:9      | Noticed a death yak
 10290 | D:9      | Noticed Gastronok
 10318 | D:9      | Killed Gastronok
 10319 | D:9      | Reached skill level 10 in Long Blades
 10550 | D:9      | Reached skill level 11 in Long Blades
 10899 | D:9      | Noticed Prince Ribbit
 10911 | D:9      | Killed Prince Ribbit
 11177 | D:9      | Reached XP level 11. HP: 75/75 MP: 11/11
 11324 | D:9      | Noticed Grum
 11341 | D:9      | Killed Grum
 11602 | D:9      | Noticed a death yak
 11602 | D:9      | Noticed a death yak
 11612 | D:9      | Noticed a death yak
 11613 | D:9      | Noticed a death yak
 11617 | D:9      | Noticed a death yak
 11628 | D:9      | Killed a death yak
 11629 | D:9      | Reached skill level 12 in Long Blades
 11646 | D:9      | Killed a death yak
 11670 | D:9      | Killed a death yak
 11671 | D:9      | Reached skill level 13 in Long Blades
 11698 | D:9      | Killed a death yak
 11719 | D:9      | Killed a death yak
 11736 | D:9      | Killed a death yak
 11910 | D:9      | Found a staircase to the Lair.
 11969 | D:9      | Reached skill level 14 in Long Blades
 12092 | D:9      | Reached skill level 1 in Armour
 12156 | D:9      | Noticed a deep elf pyromancer
 12175 | D:9      | Killed a deep elf pyromancer
 12423 | Lair:1   | Entered Level 1 of the Lair of Beasts
 12461 | D:10     | Entered Level 10 of the Dungeon
 12461 | D:10     | Found a hazy altar of Hepliaklqana.
 12464 | D:10     | Noticed a centaur warrior
 12464 | D:10     | Noticed a two-headed ogre
 12534 | D:10     | Noticed a red ugly thing
 12535 | D:10     | Noticed a boulder beetle
 12536 | D:10     | Noticed a boulder beetle
 12547 | D:10     | Killed a deep elf pyromancer
 12559 | D:9      | Killed a red ugly thing
 12758 | D:9      | Reached XP level 12. HP: 56/81 MP: 12/12
 12764 | D:9      | Killed a centaur warrior
 12764 | D:9      | Reached *** piety under Makhleb
 12877 | D:9      | Reached skill level 5 in Armour
 13078 | D:9      | Killed a two-headed ogre
 13524 | D:10     | Found a shimmering altar of Xom.
 13869 | D:10     | Found a staircase to the Orcish Mines.
 13950 | D:10     | HP: 2/81 [boulder beetle (25)]
 13952 | D:10     | Killed a boulder beetle
 14182 | Orc:1    | Entered Level 1 of the Orcish Mines
 14301 | D:10     | Noticed a two-headed ogre
 14315 | D:10     | Killed a two-headed ogre
 14854 | D:10     | Mangled by a boulder beetle

Illustrated notes

Levels and vault maps discovered:
D:1:      wheals_arrival_shading, layout_basic
D:2:      layout_basic, hellmonk_ecumenical_altar_heavens_door
D:3:      layout_rooms, nicolae_sif_muna_condensation,
          okawaru_altar_gauntlet_db, mainiacjoe_overflow_cross_hatched,
          nemelex_diamond_rough_becter
D:4:      layout_loops_ring, grunt_temple_overflow_open, gammafunk_ghost_split
D:5:      nicolae_cairo_tiling_very_big, layout_basic,
          minmay_temple_entry_from_below_a, gup_sewer_entry_spiral, uniq_ijyb,
          uniq_sigmund
D:6:      layout_loops_ring, mainiacjoe_overflow_two_lobes, hex_medium
D:7:      layout_loops_cross
D:8:      layout_gridville, enter_bailey_2, hangedman_decor_lopped, uniq_amaemon
D:9:      layout_roguey, dpeg_lair_monsters, minivault_11, minmay_librarian,
          uniq_prince_ribbit1, uniq_grum, uniq_gastronok
D:10:     minmay_curly_fans, layout_basic, nicolae_hepliaklqana_hazy_memory,
          xom_confusion_cloud, david_orc_5, serial_corexii_hall,
          chequers_hall_statues_y, corexii_hall_statues_deadend,
          corexii_hall_statues_l, chequers_hall_statues_y,
          chequers_hall_statues_corner_a, corexii_hall_statues_deadend
Lair:1:   dreamdust_labyrinth, layout_cave_pods, enter_volcano_3
Orc:1:    layout_diamond_mine

Skill      XL: |  1  2  3  4  5  6  7  8  9 10 11 12 |
---------------+-------------------------------------+-----
Long Blades    | 4 5 6 7 8 9 11 14 | 14.0
Shields        | 5 9 11 | 11.1
Armour         | 4 8 |  8.6
Fighting       | |  3.0
Dodging        | |  3.0
Stealth        | |  2.0

Action                   |  1- 3 |  4- 6 |  7- 9 | 10-12 || total
-------------------------+-------+-------+-------+-------++-------
Melee: Falchion          |     4 |       |       |       ||     4
       Long sword        |    92 |   155 |   306 |   631 ||  1184
       Punch             |     2 |     2 |     1 |       ||     5
       Unarmed           |       |       |    11 |       ||    11
  Use: Scroll            |     4 |    13 |     6 |     5 ||    28
       Potion            |       |       |     2 |    10 ||    12
 Stab: Sleeping          |     3 |       |       |       ||     3
Armor: Ring mail         |    50 |    39 |       |       ||    89
       Chain mail        |       |    40 |   143 |       ||   183
       Plate armour      |       |       |     9 |   195 ||   204
       Skin              |       |       |       |     6 ||     6
Dodge: Dodged            |    70 |   138 |   132 |   104 ||   444
Block: Tower shield      |       |       |   186 |   597 ||   783
